Map: Thunderbird LE

Players

Yoda - Winner!

  • Race: Terran Terran
  • League: Grandmaster
  • Spawn Location: 5:00

iNcontroL

  • Race: Protoss Protoss
  • League: Grandmaster
  • Spawn Location: 11:00

VOD

Have the link to the VOD?

Description

Time

  • Played on: June 12, 2019, 2:57 p.m.
  • Length: 14:22
Show
View Real Time Build Order
Export as new Build Order

Yoda Terran - Winner!

Build Orders: Reaper Expand, Mech 

Get SALT Encoding   

  12  0:00  SCV  
  13  0:12  SCV  
  14  0:18  Supply Depot  
  14  0:25  SCV  
  15  0:39  SCV  
  16  0:43  Barracks  
  16  0:47  Refinery  
  16  0:52  SCV  
  17  1:04  SCV  
  18  1:16  SCV  
  19  1:30  Orbital Command, Reaper  
  20  1:45  Command Center  
  20  1:53  Supply Depot  
  20  1:56  SCV  
  21  2:02  Marine  
  22  2:10  Factory  
  22  2:14  SCV  
  23  2:18  Refinery  
  23  2:24  Barracks Reactor  
  23  2:27  SCV  
  24  2:39  SCV  
  25  2:51  SCV  
  26  2:55  Starport  
  26  2:57  Orbital Command  
  26  3:00  Widow Mine  
  26  3:01  Marine x2  
  26  3:05  SCV  
  31  3:17  SCV  
  31  3:19  Marine x2  
  34  3:24  Factory Tech Lab  
  34  3:26  SCV  
  35  3:29  SCV  
  35  3:38  SCV  
  35  3:40  Marine x2  
  38  3:41  SCV  
  38  3:43  Supply Depot, Refinery  
  39  3:50  SCV  
  39  3:51  Factory Tech Lab  
  39  3:53  Raven, SCV  
  43  3:58  Marine  
  43  3:59  Marine  
  46  4:02  SCV  
  46  4:05  SCV  
  46  4:07  Supply Depot  
  46  4:09  Supply Depot  
  47  4:10  Siege Tank  
  47  4:14  SCV  
  47  4:16  Marine x2  
  53  4:17  SCV  
  54  4:29  SCV  
  54  4:30  SCV  
  55  4:34  Command Center  
  55  4:38  Viking  
  57  4:42  SCV  
  58  4:51  Marine x2, Siege Tank  
  63  4:53  Refinery  
  63  4:54  SCV  
  63  4:56  Engineering Bay  
  63  4:59  SCV  
  65  5:06  Supply Depot, SCV  
  66  5:11  SCV  
  67  5:18  SCV  
  68  5:22  Armory  
  68  5:23  Armory, SCV  
  68  5:28  Siege Tank  
  72  5:30  SCV  
  72  5:31  Supply Depot  
  72  5:35  SCV  
  74  5:42  Marine x2, SCV  
  77  5:48  Factory  
  77  5:50  SCV  
  77  5:51  Factory  
  78  5:57  Orbital Command  
  78  6:02  Missile Turret  
  78  6:03  SCV  
  79  6:06  Starport Reactor  
  79  6:11  Terran Vehicle Weapons Level 1, Terran Vehicle And Ship Armor Level 1  
  79  6:12  SCV  
  79  6:15  SCV  
  81  6:20  Refinery  
  81  6:22  Refinery  
  81  6:23  SCV  
  81  6:24  SCV  
  83  6:27  SCV  
  84  6:33  Siege Tank x2  
  84  6:35  SCV  
  84  6:36  SCV  
  84  6:39  SCV  
  93  6:46  Factory x2  
  93  6:47  SCV  
  93  6:48  Hellion x2, SCV  
  93  6:51  SCV  
  100  6:59  SCV  
  100  7:01  Supply Depot  
  101  7:02  Supply Depot  
  101  7:03  Supply Depot  
  101  7:08  Drilling Claws  
  101  7:09  Infernal Pre-Igniter  
  101  7:17  Medivac x2, SCV x3  
  108  7:24  Siege Tank x2  
  108  7:25  Widow Mine x2  
  108  7:29  SCV  
  119  7:41  Factory Reactor, Factory Tech Lab  
  120  7:51  Hellion x2  
  120  7:55  SCV x2  
  120  7:56  Siege Tank x2  
  128  7:58  Command Center  
  128  8:00  Supply Depot  
  128  8:01  Supply Depot x3  
  128  8:02  Supply Depot x2  
  131  8:07  Terran Vehicle Weapons Level 2  
  131  8:09  Terran Vehicle And Ship Armor Level 2  
  128  8:19  Siege Tank  
  131  8:24  Supply Depot  
  131  8:25  Supply Depot x2  
  131  8:26  Medivac  
  131  8:27  Medivac, Supply Depot  
  135  8:34  Widow Mine  
  135  8:35  Widow Mine x2  
  141  8:46  Hellion x2, Siege Tank  
  141  8:48  Command Center  
  148  8:51  Missile Turret  
  148  8:52  Hellion, Missile Turret  
  148  8:54  Smart Servos  
  149  9:03  Hellion x2  
  149  9:05  Hellion  
  149  9:07  Siege Tank  
  149  9:08  Hellion  
  159  9:13  Siege Tank  
  162  9:22  Siege Tank  
  165  9:25  Hellion x2  
  165  9:26  Hellion  
  165  9:29  Hellion  
  165  9:39  Siege Tank, SCV x3  
  165  9:45  Siege Tank  
  174  9:46  Hellion x2  
  174  9:47  Hellion  
  174  9:51  SCV  
  181  9:54  Siege Tank  
  181  9:55  Refinery  
  181  9:58  Factory x2, Sensor Tower, Refinery  
  181  9:59  Factory  
  183  10:15  Hellion x3, Siege Tank  
  183  10:16  Hellion  
  183  10:17  Siege Tank  
  189  10:22  Refinery  
  189  10:26  Hellion  
  187  10:36  Hellion  
  187  10:37  Hellion  
  187  10:42  Refinery  
  191  10:47  Siege Tank x2  
  191  10:49  Hellion x2, Siege Tank  
  194  11:19  Siege Tank, SCV x3  
  194  11:21  Factory Reactor, Factory Tech Lab x2  
  200  11:26  Command Center  
  200  11:29  Command Center  
  193  11:39  Hellion x2, Siege Tank  
  183  11:44  Thor x2  
  168  11:51  Thor  
  143  12:19  Thor x2  
  124  12:43  Thor x2  
  124  12:44  Orbital Command x2  
  124  12:53  Hellion  
  124  12:56  Refinery  
  122  13:00  Refinery  
  122  13:02  Missile Turret  
  122  13:04  Planetary Fortress  
  118  13:35  Hellion x2, Siege Tank x2  
  128  13:46  Hellion x2, Siege Tank x2  
  128  13:47  Missile Turret x2, Sensor Tower  
  138  13:49  Hellion  
  138  13:51  Hellion  
  142  13:55  SCV x2  
  142  13:56  SCV x2  
  146  14:10  Sensor Tower  
Show
View Real Time Build Order
Export as new Build Order

iNcontroL Protoss 

Build Orders: 1 Gate Expand, Blink Stalkers, Dark Templar Rush 

Get SALT Encoding   

  12  0:00  Probe  
  13  0:12  Probe  
  14  0:17  Pylon  
  14  0:25  Probe  
  15  0:33  Probe  
  15  0:37  Gateway  
  15  0:41  Probe  
  16  0:47  Assimilator  
  17  0:51  Probe  
  18  1:01  Probe  
  19  1:09  Probe  
  19  1:17  Probe  
  21  1:33  Nexus  
  21  1:40  Cybernetics Core  
  21  1:43  Assimilator  
  21  1:48  Probe  
  22  1:54  Pylon  
  22  2:00  Probe  
  23  2:06  Stalker  
  23  2:12  Probe  
  24  2:17  Warp Gate  
  26  2:25  Twilight Council  
  26  2:27  Probe  
  27  2:43  Stalker, Probe  
  30  2:45  Probe  
  31  2:55  Probe  
  31  2:57  Probe  
  33  3:04  Dark Shrine  
  33  3:07  Probe  
  33  3:09  Probe  
  35  3:19  Blink, Probe  
  36  3:21  Probe  
  36  3:23  Pylon  
  36  3:31  Probe x2  
  36  3:35  Pylon  
  36  3:39  Probe  
  36  3:41  Probe  
  38  3:42  Pylon  
  40  3:54  Probe  
  40  3:59  Nexus  
  40  4:01  Probe  
  41  4:07  Robotics Facility  
  41  4:10  Stalker  
  41  4:15  Probe  
  41  4:16  Probe  
  45  4:21  Shield Battery  
  45  4:23  Shield Battery  
  45  4:28  Probe x2  
  47  4:33  Gateway  
  47  4:36  Gateway  
  47  4:39  Gateway  
  47  4:44  Gateway  
  47  4:49  Gateway  
  47  4:51  Probe  
  48  4:54  Observer  
  48  4:58  Stalker  
  51  5:01  Probe  
  51  5:04  Assimilator, Probe  
  53  5:07  Assimilator  
  53  5:10  Charge  
  53  5:11  Probe  
  53  5:13  Probe  
  55  5:16  Probe, Observer  
  55  5:19  Pylon  
  57  5:23  Probe  
  57  5:25  Forge  
  57  5:26  Forge  
  58  5:29  Probe x2  
  58  5:32  Sentry  
  58  5:33  Stalker  
  64  5:38  Stalker  
  64  5:42  Observer  
  67  5:43  Probe  
  67  5:44  Probe  
  67  5:45  Probe  
  67  5:46  Protoss Ground Weapons Level 1  
  67  5:48  Protoss Ground Armor Level 1  
  67  5:49  Pylon  
  70  5:53  Pylon  
  70  5:56  Probe x2  
  71  6:04  Gateway  
  71  6:06  Gateway  
  71  6:08  Probe  
  71  6:09  Probe  
  73  6:12  Shield Battery, Warp Prism  
  73  6:17  Probe  
  74  6:19  Pylon  
  74  6:25  Probe x2, Pylon  
  77  6:29  Probe  
  79  6:33  Templar Archives  
  79  6:36  Stargate  
  79  6:37  Probe  
  79  6:39  Probe  
  81  6:41  Probe  
  81  6:42  Assimilator  
  81  6:43  Assimilator  
  82  6:47  Observer, Pylon  
  82  6:49  Probe  
  82  6:51  Probe  
  85  6:56  Zealot x2  
  85  6:57  Zealot x2  
  85  6:59  Dark Templar  
  95  7:03  Probe x2  
  97  7:08  Pylon  
  97  7:10  Photon Cannon  
  97  7:15  Photon Cannon  
  97  7:16  Pylon  
  97  7:20  Nexus  
  97  7:22  Photon Cannon  
  97  7:26  Photon Cannon  
  97  7:30  Observer  
  97  7:31  Probe x2  
  97  7:32  Pylon  
  97  7:34  Psionic Storm  
  97  7:37  Zealot  
  101  7:51  Observer  
  101  7:52  Pylon  
  101  7:54  Probe x2  
  101  7:55  Probe  
  103  8:02  Stalker  
  103  8:03  Stalker x6  
  117  8:06  Probe  
  117  8:09  Robotics Bay  
  118  8:15  Probe x2  
  118  8:17  Warp Prism  
  118  8:19  High Templar  
  124  8:24  Robotics Facility  
  124  8:29  Protoss Ground Weapons Level 2, Protoss Ground Armor Level 2  
  124  8:32  Probe x2  
  124  8:33  Probe  
  127  8:37  Photon Cannon  
  127  8:43  Assimilator  
  127  8:44  High Templar  
  127  8:45  Assimilator  
  129  8:51  Stargate  
  129  8:52  Protoss Air Weapons Level 1  
  129  8:55  Stargate  
  129  8:59  Pylon  
  129  9:01  Gravitic Boosters  
  129  9:03  Gateway  
  129  9:04  Gateway  
  129  9:05  Gateway  
  129  9:08  Gateway  
  128  9:12  Stalker  
  128  9:13  Stalker  
  128  9:14  Stalker, Gateway  
  128  9:15  Gateway  
  121  9:24  Probe  
  121  9:26  Probe  
  121  9:27  Probe x2  
  107  9:32  Probe  
  107  9:35  Probe x2  
  107  9:37  Void Ray x3  
  107  9:38  Probe  
  109  9:40  Probe  
  111  9:52  Probe  
  123  9:53  Probe  
  125  10:05  Stalker x3  
  125  10:06  Stalker  
  131  10:17  Probe x3  
  139  10:25  High Templar  
  121  10:43  Probe x3, Fleet Beacon  
  108  10:53  Zealot x9  
  108  10:54  Zealot x3  
  131  10:58  High Templar x2  
  131  11:22  Stalker x5  
  131  11:23  Probe  
  112  11:48  Dark Templar x3  
  112  11:52  Dark Templar  
  108  12:02  Dark Templar x2  
  108  12:03  Dark Templar  
  73  12:14  Void Ray  
  59  12:25  Dark Templar  
  54  12:41  Dark Templar  
  52  12:47  Probe x2  
  54  12:58  Probe  
  54  12:59  Probe  
  56  13:06  Probe  
  56  13:07  Probe  
  58  13:14  Probe  
  58  13:15  Probe  
  60  13:22  Probe  
  60  13:23  Probe  
  61  13:30  Probe  
  61  13:33  Probe  
  60  13:44  Probe  
  59  13:48  Probe  
  59  13:52  Probe  
  60  13:56  Probe  
  60  14:00  Probe  
  62  14:02  Nexus  
  62  14:06  Probe  
Tags
 
Add a new tag
Caveats
  • Supply blocks, unpowered buildings, or Contaminate may cause inaccurate times.
  • Supply counts are checked every 10 seconds.